Freya, chaotic female orcish Ranger ------- ---------------- |..^.>.## |..........<...| |.)...|######################### |..............| |......###########------M------########.......(.......| --.-.-- .`.....k...`| ---.-------.---- # ## |.....`.....| # # # ## |...-----..I.# ### # ### |...|.{.|.@.| # # ### #|...|{@{.`..| ### # # ####|...|.{.|N..| # # ### ##|...-----...| -%------|- # ##-.....`.....| |........| ### #|`.....)...`| |........| # ------------- |.........*# |........| |........| ---------- Freya the Trailblazer Experience level: 6 Strength: 18 Dexterity: 12 Constitution: 17 Intelligence: 14 Wisdom: 13 Charisma: 7 Health: 0(73) Energy: 26(26) Def: 12 Gold: 867 Moves: 3372 Dungeon seed: D8fAA82gU4UGFILe Game ID: Freya_1616254505 Your Inventory: Coins $ - 867 gold pieces Weapons a - an uncursed +1 orcish dagger (weapon in hand) b - an uncursed +1 orcish bow (alternate weapon; not wielded) c - 59 uncursed +2 orcish arrows d - 34 uncursed +0 orcish arrows (in quiver) x - a cursed +0 elven dagger T - an uncursed +0 elven dagger U - a cursed -2 elven dagger Armor e - an uncursed +2 cloak of displacement (being worn) m - a cursed +0 pair of high boots n - an uncursed +1 pair of jumping boots (being worn) q - a blessed +1 mummy wrapping of aggravate monster r - a blessed +4 ring mail (being worn) y - an uncursed +0 elven cloak z - a cursed +0 elven leather helm N - a cursed +0 cloak of magic resistance Comestibles f - 3 uncursed cram rations o - an uncursed fortune cookie p - a cursed lichen corpse s - a cursed tin of female newt meat t - a cursed tripe ration O - an uncursed food ration Scrolls g - a cursed scroll of destroy armor i - 2 cursed scrolls of identify V - an uncursed scroll of identify Z - a cursed scroll of remove curse Potions h - a cursed potion of oil X - a cursed potion of paralysis Rings j - a blessed +2 ring of gain strength (on left hand) Wands l - a cursed wand of striking (0:5) v - an uncursed wand of slow monster named 1 (0:4) H - an uncursed wand of polymorph named 1 (0:6) S - an uncursed wand of striking named 1 (0:4) Y - a cursed wand of cancellation (0:6) Tools k - a blessed oil lamp (0:1493) u - a cursed blindfold w - an uncursed magic whistle Spells and supernatural/magical abilities: Name Level Category Cost Memory W - pray for help -- divine ? -- Y - supernatural jump -- ability ? -- Your skills at the end: Fighting Skills wands [Basic] Weapon Skills dagger [Basic] bow [Basic] Spellcasting Skills Final Attributes: You were piously aligned. You were immune to poison. You had automatic searching. You had infravision. You were displaced. You could jump. You last prayed 143 turns ago. Mars was noncommittal. You are dead. Vanquished creatures: a small mimic a large dog a large cat a leocrotta a giant beetle a wolf 2 leprechauns a gnome king a gnome mummy a water nymph 2 shriekers an elf zombie a giant ant a floating eye a kobold shaman a rothe a giant bat a wererat a werejackal a hobbit a large kobold a yellow mold a green mold 2 gnomes 2 garter snakes 2 geckos 5 jackals 3 foxes a kobold a goblin 4 sewer rats 18 grid bugs 5 lichens 6 newts 74 creatures vanquished. Voluntary challenges: You used a wielded weapon 142 times, starting on turn 77. You read items or engraved 9 times, starting on turn 942. You never genocided any monsters. You never polymorphed an object. You never changed form. You used no wishes. You never split a pudding. You wrote Elbereth's name 6 times, starting on turn 942. You never violated your personal moral code. Dungeon overview: The Dungeons of Doom: levels 1 to 8 Level 1 a fountain, a vault a long staircase Level 2 some fountains Level 3 an altar to Mars, some fountains, a sink stairs to The Gnomish Mines Level 4 a potion shop Level 5 a fountain Level 6 <- You were here many fountains Level 7 a fountain stairs to Sokoban Level 8 The Gnomish Mines: Level 4 stairs to The Dungeons of Doom Sokoban: Level 6 Solved stairs to The Dungeons of Doom History has recorded: On T:1 you entered the Dungeons of Doom to retrieve the Amulet of Yendor! On T:330 you advanced to experience level 2. On T:527 you reached level 2 of The Dungeons of Doom. On T:607 you advanced to experience level 3. On T:881 you reached level 3 of The Dungeons of Doom. On T:1138 you reached level 1 of The Gnomish Mines. On T:1266 you advanced to experience level 4. On T:1297 you reached level 4 of The Dungeons of Doom. On T:1625 you advanced to experience level 5. On T:1794 you reached level 5 of The Dungeons of Doom. On T:1893 you reached level 6 of The Dungeons of Doom. On T:2241 you reached level 7 of The Dungeons of Doom. On T:2527 you advanced to experience level 6. On T:2749 you reached level 8 of The Dungeons of Doom. On T:2815 you reached level 4 of Sokoban. Score breakdown: Gold: 867 ( 9995 points) Experience: 6 levels (12456 points) Exploration: 8 levels ( 16.00%) (11338 points) Discoveries: 9 items ( 3.07%) ( 5257 points) Valuables value: (no points given unless you survive) Artifact value: 0 ( 0 points) Variety of kills: 34 monsters ( 8.95%) ( 8973 points) Turncount: 3372 turns ( -772 points) Survival: died (score multiplied by 80%) Total score: 37797 Latest messages: You produce a strange whistling sound. It must be a magic whistle. Work's ghost touches you! x - a runed dagger. You see here a statue of a female plains centaur. Wait! There's something there you can't see! You hear a distant zap. (2x) The sleep ray hits you! The sleep ray bounces! The bolt of cold whizzes by you! The bolt of cold bounces! The bolt of cold hits you! Your clear potion freezes and shatters! The bolt of cold bounces! The bolt of cold hits you! The bolt of cold bounces! The bolt of cold whizzes by you! The bolt of cold bounces! The bolt of cold whizzes by you! The bolt of cold bounces! (2x) The bolt of cold hits you! The bolt of cold bounces! The black naga hatchling strikes at your displaced image and misses you! It hits! You die... Final status: Goodbye Freya the Ranger, killed by an invisible ranger called "Pipe", while sleeping... You died in The Dungeons of Doom on dungeon level 6 with 37797 points, and 867 pieces of gold, after 3372 moves. You were level 6 with a maximum of 73 hit points when you died.